Crunch vs Aeros

Created - Friday, December 12, 2014 at 23:58

Goals
1 2 3 T
Crunch 1 1 0 2
Aeros 0 0 3 3
Shots
1 2 3 T
Crunch 7 12 6 25
Aeros 2 13 8 23

1st period

1. Crunch , Taylor Pyatt 21 (Corban Knight) at 4:31 (PP)

Penalties :
Shane O'Brien (HOU) for Cross-checking (Minor) at 0:21, Patrick Wey (HOU) for Tripping (Minor) at 2:38, Patrick Wey (HOU) for Fighting (Major) at 4:32, Matt Lindblad (SYR) for Fighting (Major) at 4:32, Colin Stuart (HOU) for Slashing (Minor) at 6:01, Chris Summers (HOU) for Holding (Minor) at 14:12, Patrick Wey (HOU) for Hooking (Minor) at 17:10

2nd period

2. Crunch , Travis Oleksuk 2 (Jordin Tootoo) at 0:41 (PP)

Penalties :
Shane O'Brien (HOU) for Interference (Minor) at 0:34, Jon Landry (HOU) for Boarding (Minor) at 3:57, Ilari Melart (HOU) for Roughing (Minor) at 12:17, Craig Cunningham (HOU) for Elbowing (Minor) at 19:54

3rd period

3. Aeros , Mike Ullrich 1 (Shane O'Brien, Danny Hobbs) at 6:07
4. Aeros , Chris Summers 1 (Patrick Wey) at 7:13
5. Aeros , Craig Cunningham 6 (Cam Janssen, Shane O'Brien) at 16:31 (PP)

Penalties :
Mike Sgarbossa (SYR) for Holding (Minor) at 15:58

Goalie Stats

John Curry (SYR), 20 saves from 23 shots - (0.870), L, 16-11-3, 60:00 minutes
Harri Sateri (HOU), 23 saves from 25 shots - (0.920), W, 4-7-1, 60:00 minutes

Players Stats for Crunch

Player Name              G  A  P  +/- PIM S  H  SB GA TA FO     MP     PP MP  PK MP  
------------------------------------------------------------------------------------
Andre Petersson          0  0  0   0  0   2  1  2  4  0  0/1    22:03   7:30   0:00 
Brett Skinner            0  0  0   0  0   0  0  0  0  0  0/0     0:00   0:00   0:00 
Brodie Reid              0  0  0  -1  0   0  1  0  0  0  0/1    17:50   1:03   0:00 
Chad Billins             0  0  0  -1  0   2  2  2  0  2  0/0    23:36   8:53   0:00 
Corban Knight            0  1  1  -1  0   2  2  0  2  1  11/17  22:43   7:29   0:00 
Danny Syvret             0  0  0  -1  0   0  2  2  2  0  0/0    23:37   8:53   0:00 
Jordin Tootoo            0  1  1  -1  0   2  4  0  4  0  0/1    20:27   7:09   0:00 
Karl Stollery            0  0  0   0  0   0  0  2  0  2  0/0    22:20   7:00   0:00 
Markus Lauridsen         0  0  0  -1  0   1  1  0  0  1  0/0    14:03   0:00   0:33 
Matt Lindblad            0  0  0   0  5   1  1  2  1  1  0/0    18:16   1:14   0:17 
Mike Hoeffel             0  0  0  -1  0   1  0  0  0  0  0/0     5:53   0:00   0:00 
Mike Sgarbossa           0  0  0  -1  2   2  0  1  0  1  0/5    14:19   0:03   0:00 
Nick Jensen              0  0  0  -1  0   2  0  1  0  0  0/0    14:03   0:00   0:33 
Phillip Danault          0  0  0  -1  0   0  2  0  0  0  3/4    16:41   7:55   0:17 
Sam Carrick              0  0  0   0  0   0  0  0  0  0  0/0     0:00   0:00   0:00 
Taylor Pyatt             1  0  1   0  0   3  2  0  5  0  0/2    22:24   6:56   0:16 
Travis Oleksuk           1  0  1   0  0   5  2  0  1  0  6/13   18:49   8:20   0:16 
Zach Trotman             0  0  0   0  0   2  1  1  1  2  0/0    22:20   7:00   0:00 

Players Stats for Aeros

Player Name              G  A  P  +/- PIM S  H  SB GA TA FO     MP     PP MP  PK MP  
------------------------------------------------------------------------------------
Andrew Gordon            0  0  0   0  0   1  2  1  2  2  7/13   22:50   0:00  10:02 
Cam Janssen              0  1  1   0  0   5  0  0  1  1  0/1    13:49   0:33   2:23 
Chris Summers            1  0  1   1  2   3  1  3  2  1  0/0    15:44   0:00   0:00 
Colin Stuart             0  0  0   0  2   1  1  1  0  0  0/1    16:13   0:00   4:30 
Craig Cunningham         1  0  1   0  2   2  0  0  2  0  1/3    17:10   0:33   4:49 
Dan Catenacci            0  0  0   0  0   0  1  1  0  0  4/6    10:23   0:00   0:00 
Danny Hobbs              0  1  1   2  0   1  0  0  0  0  1/1     9:12   0:33   0:00 
Ilari Melart             0  0  0   0  2   1  1  0  0  3  0/0    19:57   0:00   7:24 
Jared Gomes              0  0  0   0  0   0  1  1  0  0  8/10   10:22   0:00   0:00 
Jason Zucker             0  0  0   0  0   2  0  0  6  0  0/1    22:18   0:00   9:30 
Joel Chouinard           0  0  0   0  0   0  2  1  0  1  0/0    18:06   0:11   5:30 
Jon Landry               0  0  0   1  2   0  1  0  0  2  0/0    23:59   0:22   7:26 
Matthew Pistilli         0  0  0   0  0   2  1  0  1  0  0/1    10:23   0:00   0:00 
Mike Ullrich             1  0  1   2  0   2  0  0  0  0  0/0     8:39   0:00   0:00 
Patrick Wey              0  1  1   1  9   2  0  0  0  0  0/0    16:45   0:11   2:35 
Scott Campbell           0  0  0   2  0   0  0  0  3  0  0/0     9:12   0:00   0:32 
Shane O'Brien            0  2  2   1  4   1  3  0  0  1  0/0    26:20   0:22   8:51 
Warren Peters            0  0  0   0  0   0  1  0  0  0  3/7    12:35   0:00   0:00 

3 Stars

1 - Mike Ullrich (HOU)
2 - Taylor Pyatt (SYR)
3 - Travis Oleksuk (SYR)

Power Play

Crunch - 2 on 9 Attempt(s) - 22.22%
Aeros - 1 on 2 Attempt(s) - 50.00%

Penalty Kill

Crunch - 1 on 2 Attempt(s) - 50.00% - Score 0 goal in Penalty Kill
Aeros - 7 on 9 Attempt(s) - 77.78% - Score 0 goal in Penalty Kill

Official

Referees : Unknown
Linesman : Unknown

Game Notes

Matt Lindblad beats up Patrick Wey at 4:32 of 1st period
1:34 of 2nd period - Penalty Shot by Jordin Tootoo for Crunch - Shot Misses the Net

Finance

Level 1 -- Attendance: 1530 (76.50%) -- Ticket Income $53,550
Level 2 -- Attendance: 800 (80.00%) -- Ticket Income $12,000
Total Attendance: 2330 (77.67%)
Total Ticket Income: $65,550
Other Income: $32,120
Total Income: $97,670

Crunch

5 vs 5 Forward 
   Center                   Left Wing                Right Wing               Time % Phy DF OF 
 1 Corban Knight            Andre Petersson          Taylor Pyatt             35     1   2  2  
 2 Travis Oleksuk           Jordin Tootoo            Matt Lindblad            30     1   2  2  
 3 Phillip Danault          Taylor Pyatt             Jordin Tootoo            20     1   2  2  
 4 Mike Sgarbossa           Matt Lindblad            Brodie Reid              15     1   2  2  

5 vs 5 Defense 
   Defense                  Defense                                           Time % Phy DF OF 
 1 Danny Syvret             Chad Billins                                      34     1   2  2  
 2 Zach Trotman             Karl Stollery                                     33     1   2  2  
 3 Nick Jensen              Markus Lauridsen                                  33     1   2  2  
 4 Danny Syvret             Chad Billins                                      0      0   5  0  

PowerPlay Forward 
   Center                   Left Wing                Right Wing               Time % Phy DF OF 
 1 Corban Knight            Andre Petersson          Taylor Pyatt             60     0   1  4  
 2 Travis Oleksuk           Jordin Tootoo            Phillip Danault          40     0   2  3  

PowerPlay Defense
   Defense                  Defense                                           Time % Phy DF OF 
 1 Danny Syvret             Chad Billins                                      60     0   2  3  
 2 Zach Trotman             Karl Stollery                                     40     0   2  3  

Penalty Kill 4 Players Forward 
   Center                   Wing                     Time % Phy DF OF 
 1 Travis Oleksuk           Taylor Pyatt             50     1   4  0  
 2 Phillip Danault          Matt Lindblad            50     1   4  0  

Penalty Kill 4 Players Defense
   Defense                  Defense                  Time % Phy DF OF 
 1 Nick Jensen              Markus Lauridsen         50     1   4  0  
 2 Danny Syvret             Chad Billins             50     1   4  0  

Penalty Kill - 3 Players Forward 
   Forward                                           Time % Phy DF OF 
 1 Travis Oleksuk                                    50     1   4  0  
 2 Phillip Danault                                   50     1   4  0  

Penalty Kill - 3 Players Defense
   Defense                  Defense                  Time % Phy DF OF 
 1 Nick Jensen              Markus Lauridsen         50     1   4  0  
 2 Danny Syvret             Chad Billins             50     1   4  0  

4 vs 4 Forward 
   Center                   Wing                     Time % Phy DF OF 
 1 Corban Knight            Taylor Pyatt             60     0   1  4  
 2 Travis Oleksuk           Jordin Tootoo            40     1   2  2  

4 vs 4 Defense
   Defense                  Defense                  Time % Phy DF OF 
 1 Danny Syvret             Chad Billins             50     1   2  2  
 2 Zach Trotman             Karl Stollery            50     1   2  2  

Last Minutes Offensive
   Center                   Left Wing                Right Wing               Defense                  Defense                  
   Corban Knight            Andre Petersson          Taylor Pyatt             Danny Syvret             Chad Billins             

Last Minutes Defensive
   Center                   Left Wing                Right Wing               Defense                  Defense                  
   Corban Knight            Andre Petersson          Taylor Pyatt             Danny Syvret             Chad Billins             

Goaltenders
Starting : John Curry               
Backup : Richard Bachman          

Extra Forwards
Normal : Taylor Pyatt, Corban Knight, Jordin Tootoo - PP : Taylor Pyatt, Travis Oleksuk - PK : Taylor Pyatt
Extra Defensemen
Normal : Danny Syvret, Chad Billins, Zach Trotman - PP : Danny Syvret - PK : Danny Syvret, Chad Billins
Penalty Shots
Andre Petersson, Taylor Pyatt, Jordin Tootoo, Corban Knight, Travis Oleksuk

Aeros

5 vs 5 Forward 
   Center                   Left Wing                Right Wing               Time % Phy DF OF 
 1 Warren Peters            Jason Zucker             Andrew Gordon            35     1   2  2  
 2 Jared Gomes              Craig Cunningham         Cam Janssen              30     1   2  2  
 3 Dan Catenacci            Colin Stuart             Matthew Pistilli         22     1   2  2  
 4 Mike Ullrich             Scott Campbell           Danny Hobbs              13     1   2  2  

5 vs 5 Defense 
   Defense                  Defense                                           Time % Phy DF OF 
 1 Shane O'Brien            Jon Landry                                        35     1   2  2  
 2 Chris Summers            Patrick Wey                                       30     1   2  2  
 3 Ilari Melart             Joel Chouinard                                    22     1   2  2  
 4 Shane O'Brien            Jon Landry                                        13     1   2  2  

PowerPlay Forward 
   Center                   Left Wing                Right Wing               Time % Phy DF OF 
 1 Warren Peters            Jason Zucker             Andrew Gordon            60     1   2  2  
 2 Danny Hobbs              Craig Cunningham         Cam Janssen              40     1   2  2  

PowerPlay Defense
   Defense                  Defense                                           Time % Phy DF OF 
 1 Shane O'Brien            Jon Landry                                        60     1   2  2  
 2 Joel Chouinard           Patrick Wey                                       40     1   2  2  

Penalty Kill 4 Players Forward 
   Center                   Wing                     Time % Phy DF OF 
 1 Andrew Gordon            Jason Zucker             60     1   2  2  
 2 Craig Cunningham         Colin Stuart             40     1   2  2  

Penalty Kill 4 Players Defense
   Defense                  Defense                  Time % Phy DF OF 
 1 Shane O'Brien            Jon Landry               60     1   2  2  
 2 Joel Chouinard           Patrick Wey              40     1   2  2  

Penalty Kill - 3 Players Forward 
   Forward                                           Time % Phy DF OF 
 1 Andrew Gordon                                     60     1   2  2  
 2 Jason Zucker                                      40     1   2  2  

Penalty Kill - 3 Players Defense
   Defense                  Defense                  Time % Phy DF OF 
 1 Shane O'Brien            Jon Landry               60     1   2  2  
 2 Joel Chouinard           Patrick Wey              40     1   2  2  

4 vs 4 Forward 
   Center                   Wing                     Time % Phy DF OF 
 1 Andrew Gordon            Jason Zucker             60     1   2  2  
 2 Craig Cunningham         Colin Stuart             40     1   2  2  

4 vs 4 Defense
   Defense                  Defense                  Time % Phy DF OF 
 1 Shane O'Brien            Jon Landry               60     1   2  2  
 2 Joel Chouinard           Patrick Wey              40     1   2  2  

Last Minutes Offensive
   Center                   Left Wing                Right Wing               Defense                  Defense                  
   Warren Peters            Jason Zucker             Andrew Gordon            Shane O'Brien            Jon Landry               

Last Minutes Defensive
   Center                   Left Wing                Right Wing               Defense                  Defense                  
   Warren Peters            Jason Zucker             Andrew Gordon            Shane O'Brien            Jon Landry               

Goaltenders
Starting : Harri Sateri             
Backup : David Leggio             

Extra Forwards
Normal : Matthew Pistilli, Scott Campbell, Jason Zucker - PP : Matthew Pistilli, Scott Campbell - PK : Cam Janssen
Extra Defensemen
Normal : Ilari Melart, Jon Landry, Shane O'Brien - PP : Ilari Melart - PK : Ilari Melart, Shane O'Brien
Penalty Shots
Andrew Gordon, Jason Zucker, Craig Cunningham, Colin Stuart, Warren Peters

% Time on Ice - Crunch

Lines # - Real PCT - Wanted PCT - Time Play
Normal Forward
1 - 32% - 35% - 13:39
2 - 24% - 30% - 10:13
3 - 12% - 20% - 5:13
4 - 32% - 15% - 13:58
Normal Defense
1 - 33% - 34% - 14:13
2 - 36% - 33% - 15:20
3 - 31% - 33% - 13:30
4 - 0% - 0% - 0:00
PP Forward
1 - 48% - 60% - 7:33
2 - 52% - 40% - 8:20
PP Defense
1 - 56% - 60% - 8:53
2 - 44% - 40% - 7:00
PK Forward
1 - 48% - 50% - 0:16
2 - 52% - 50% - 0:17
PK Defense
1 - 100% - 50% - 0:33
2 - 0% - 50% - 0:00
PK3 Forward
1 - 0% - 50%
2 - 0% - 50%
PK3 Defense
1 - 0% - 50%
2 - 0% - 50%
44 Forward
1 - 0% - 60%
2 - 0% - 40%
44 Defense
1 - 0% - 50%
2 - 0% - 50%
Last Minute Offensive  - 0:31
Last Minute Defensive  - 0:00
Total
Forward - 60:00
Defense - 60:00

% Time on Ice - Aeros

Lines # - Real PCT - Wanted PCT - Time Play
Normal Forward
1 - 28% - 35% - 11:50
2 - 28% - 30% - 11:43
3 - 24% - 22% - 10:23
4 - 20% - 13% - 8:39
Normal Defense
1 - 30% - 35% - 12:56
2 - 40% - 30% - 16:58
3 - 26% - 22% - 11:11
4 - 4% - 13% - 1:30
PP Forward
1 - 0% - 60% - 0:00
2 - 100% - 40% - 0:33
PP Defense
1 - 67% - 60% - 0:22
2 - 33% - 40% - 0:11
PK Forward
1 - 67% - 60% - 10:34
2 - 33% - 40% - 5:19
PK Defense
1 - 58% - 60% - 9:14
2 - 42% - 40% - 6:39
PK3 Forward
1 - 0% - 60%
2 - 0% - 40%
PK3 Defense
1 - 0% - 60%
2 - 0% - 40%
44 Forward
1 - 0% - 60%
2 - 0% - 40%
44 Defense
1 - 0% - 60%
2 - 0% - 40%
Last Minute Offensive  - 0:00
Last Minute Defensive  - 0:59
Total
Forward - 60:00
Defense - 60:00

Play by Play

1st period


0:01 of 1st period - Corban Knight wins face-off versus Warren Peters in neutral zone.
0:21 of 1st period - Minor Penalty to Shane O'Brien for Cross-checking.
0:22 of 1st period - Andrew Gordon wins face-off versus Corban Knight in Aeros zone.
1:13 of 1st period - Colin Stuart is hit by Jordin Tootoo and loses puck.
1:46 of 1st period - Slapshot by Corban Knight.
1:46 of 1st period - Deflect By Andre Petersson.
1:46 of 1st period - Stopped by Harri Sateri without a rebound.
1:47 of 1st period - Corban Knight wins face-off versus Andrew Gordon in Aeros zone.
2:19 of 1st period - Joel Chouinard is hit by Zach Trotman.
2:21 of 1st period - Penalty to Shane O'Brien is over, Shane O'Brien is back on ice.
2:38 of 1st period - Minor Penalty to Patrick Wey for Tripping.
2:39 of 1st period - Corban Knight wins face-off versus Craig Cunningham in Aeros zone.
2:42 of 1st period - Snap shot by Taylor Pyatt.
2:42 of 1st period - Shot Misses the Net.
2:44 of 1st period - Slapshot by Chad Billins.
2:44 of 1st period - Stopped by Harri Sateri with a rebound.
2:46 of 1st period - Slapshot by Chad Billins.
2:46 of 1st period - Shot Blocked by Colin Stuart.
2:48 of 1st period - Slapshot by Chad Billins.
2:48 of 1st period - Stopped by Harri Sateri without a rebound.
2:49 of 1st period - Craig Cunningham wins face-off versus Andre Petersson in Aeros zone.
3:45 of 1st period - Off-side.
3:46 of 1st period - Corban Knight wins face-off versus Craig Cunningham in neutral zone.
4:31 of 1st period - Slapshot by Taylor Pyatt.
4:31 of 1st period - Goal by Taylor Pyatt - Crunch : 1 - Aeros : 0.
4:32 of 1st period - Jared Gomes wins face-off versus Mike Sgarbossa in neutral zone.
4:32 of 1st period - Matt Lindblad beats up Patrick Wey.
4:32 of 1st period - Penalty to Patrick Wey for Fighting.
4:32 of 1st period - Penalty to Matt Lindblad for Fighting.
4:33 of 1st period - Travis Oleksuk wins face-off versus Jared Gomes in neutral zone.
4:43 of 1st period - Icing by Shane O'Brien.
4:44 of 1st period - Jared Gomes wins face-off versus Jordin Tootoo in Aeros zone.
4:49 of 1st period - Travis Oleksuk is hit by Jon Landry and loses puck.
5:36 of 1st period - Andrew Gordon is hit by Brodie Reid and loses puck.
5:51 of 1st period - Wrist shot by Mike Sgarbossa.
5:51 of 1st period - Stopped by Harri Sateri without a rebound.
5:52 of 1st period - Travis Oleksuk wins face-off versus Dan Catenacci in Aeros zone.
6:01 of 1st period - Minor Penalty to Colin Stuart for Slashing.
6:02 of 1st period - Corban Knight wins face-off versus Jason Zucker in Aeros zone.
6:56 of 1st period - Craig Cunningham is hit by Travis Oleksuk.
7:00 of 1st period - Ilari Melart is hit by Jordin Tootoo and loses puck.
7:25 of 1st period - Wrist shot by Jason Zucker.
7:25 of 1st period - Stopped by John Curry with a rebound.
8:01 of 1st period - Penalty to Colin Stuart is over, Colin Stuart is back on ice.
9:18 of 1st period - Snap shot by Jordin Tootoo.
9:18 of 1st period - Deflect By Travis Oleksuk.
9:18 of 1st period - Shot Misses the Net.
9:18 of 1st period - Puck is out of play.
9:19 of 1st period - Dan Catenacci wins face-off versus Brodie Reid in Aeros zone.
9:24 of 1st period - Slapshot by Chris Summers.
9:24 of 1st period - Deflect By Colin Stuart.
9:24 of 1st period - Stopped by John Curry with a rebound.
9:32 of 1st period - Colin Stuart is hit by Chad Billins and loses puck.
10:01 of 1st period - Andre Petersson is hit by Shane O'Brien and loses puck.
11:43 of 1st period - Wrist shot by Taylor Pyatt.
11:43 of 1st period - Shot Misses the Net.
11:45 of 1st period - Backhand shot by Chad Billins.
11:45 of 1st period - Shot Blocked by Joel Chouinard.
11:47 of 1st period - Slapshot by Chad Billins.
11:47 of 1st period - Shot Misses the Net.
12:32 of 1st period - Wrist shot by Andre Petersson.
12:32 of 1st period - Stopped by Harri Sateri with a rebound.
13:09 of 1st period - Matthew Pistilli is hit by Taylor Pyatt and loses puck.
13:34 of 1st period - Wrist shot by Jordin Tootoo.
13:34 of 1st period - Shot Misses the Net.
14:12 of 1st period - Minor Penalty to Chris Summers for Holding.
14:13 of 1st period - Andrew Gordon wins face-off versus Travis Oleksuk in Aeros zone.
14:47 of 1st period - Icing by Andre Petersson.
14:48 of 1st period - Corban Knight wins face-off versus Andrew Gordon in Crunch zone.
16:12 of 1st period - Penalty to Chris Summers is over, Chris Summers is back on ice.
17:10 of 1st period - Minor Penalty to Patrick Wey for Hooking.
17:11 of 1st period - Travis Oleksuk wins face-off versus Andrew Gordon in Aeros zone.
17:38 of 1st period - Andrew Gordon is hit by Corban Knight and loses puck.
18:33 of 1st period - Corban Knight is hit by Shane O'Brien and loses puck.
18:40 of 1st period - Slapshot by Zach Trotman.
18:40 of 1st period - Stopped by Harri Sateri with a rebound.
19:10 of 1st period - Penalty to Patrick Wey is over, Patrick Wey is back on ice.
19:25 of 1st period - Slapshot by Chad Billins.
19:25 of 1st period - Shot Misses the Net.
Goals for this period are 1 for Crunch vs 0 for Aeros.
Shots for this period are 7 for Crunch vs 2 for Aeros.

2nd period


0:01 of 2nd period - Warren Peters wins face-off versus Corban Knight in neutral zone.
0:12 of 2nd period - Andre Petersson is hit by Andrew Gordon and loses puck.
0:23 of 2nd period - Snap shot by Jason Zucker.
0:23 of 2nd period - Stopped by John Curry with a rebound.
0:34 of 2nd period - Minor Penalty to Shane O'Brien for Interference.
0:35 of 2nd period - Travis Oleksuk wins face-off versus Andrew Gordon in Aeros zone.
0:41 of 2nd period - Wrist shot by Travis Oleksuk.
0:41 of 2nd period - Goal by Travis Oleksuk - Crunch : 2 - Aeros : 0.
0:42 of 2nd period - Travis Oleksuk wins face-off versus Warren Peters in neutral zone.
0:51 of 2nd period - Wrist shot by Andrew Gordon.
0:51 of 2nd period - Deflect By Jason Zucker.
0:51 of 2nd period - Shot Blocked by Matt Lindblad.
0:51 of 2nd period - Puck is out of play.
0:52 of 2nd period - Warren Peters wins face-off versus Travis Oleksuk in Crunch zone.
0:55 of 2nd period - Wrist shot by Andrew Gordon.
0:55 of 2nd period - Stopped by John Curry with a rebound.
0:57 of 2nd period - Slapshot by Jon Landry.
0:57 of 2nd period - Shot Blocked by Danny Syvret.
0:59 of 2nd period - Slapshot by Shane O'Brien.
0:59 of 2nd period - Stopped by John Curry with a rebound.
1:01 of 2nd period - Snap shot by Shane O'Brien.
1:01 of 2nd period - Shot Misses the Net.
1:03 of 2nd period - Snap shot by Warren Peters.
1:03 of 2nd period - Shot Misses the Net.
1:34 of 2nd period - Penalty Shot by Jordin Tootoo for Crunch.
1:34 of 2nd period - Snap shot by Jordin Tootoo.
1:34 of 2nd period - Shot Misses the Net.
1:35 of 2nd period - Jared Gomes wins face-off versus Corban Knight in Crunch zone.
1:40 of 2nd period - Wrist shot by Cam Janssen.
1:40 of 2nd period - Shot Misses the Net.
2:07 of 2nd period - Icing by Cam Janssen.
2:08 of 2nd period - Jared Gomes wins face-off versus Mike Sgarbossa in Aeros zone.
2:13 of 2nd period - Wrist shot by Matt Lindblad.
2:13 of 2nd period - Shot Misses the Net.
2:15 of 2nd period - Slapshot by Matt Lindblad.
2:15 of 2nd period - Stopped by Harri Sateri with a rebound.
2:17 of 2nd period - Snap shot by Mike Sgarbossa.
2:17 of 2nd period - Shot Misses the Net.
2:19 of 2nd period - Wrist shot by Brodie Reid.
2:19 of 2nd period - Shot Blocked by Chris Summers.
2:43 of 2nd period - Nick Jensen is hit by Dan Catenacci and loses puck.
3:02 of 2nd period - Wrist shot by Taylor Pyatt.
3:02 of 2nd period - Stopped by Harri Sateri with a rebound.
3:04 of 2nd period - Slapshot by Danny Syvret.
3:04 of 2nd period - Shot Misses the Net.
3:06 of 2nd period - Wrist shot by Jordin Tootoo.
3:06 of 2nd period - Stopped by Harri Sateri with a rebound.
3:08 of 2nd period - Snap shot by Chad Billins.
3:08 of 2nd period - Deflect By Taylor Pyatt.
3:08 of 2nd period - Shot Misses the Net.
3:08 of 2nd period - Puck is out of play.
3:09 of 2nd period - Phillip Danault wins face-off versus Warren Peters in Aeros zone.
3:57 of 2nd period - Minor Penalty to Jon Landry for Boarding.
3:58 of 2nd period - Andrew Gordon wins face-off versus Corban Knight in Aeros zone.
4:13 of 2nd period - Snap shot by Jason Zucker.
4:13 of 2nd period - Shot Blocked by Danny Syvret.
4:31 of 2nd period - Wrist shot by Jordin Tootoo.
4:31 of 2nd period - Stopped by Harri Sateri with a rebound.
4:33 of 2nd period - Slapshot by Danny Syvret.
4:33 of 2nd period - Shot Blocked by Andrew Gordon.
4:53 of 2nd period - Ilari Melart is hit by Jordin Tootoo and loses puck.
5:36 of 2nd period - Wrist shot by Jordin Tootoo.
5:36 of 2nd period - Shot Misses the Net.
5:52 of 2nd period - Andrew Gordon is hit by Andre Petersson and loses puck.
5:57 of 2nd period - Penalty to Jon Landry is over, Jon Landry is back on ice.
6:10 of 2nd period - Slapshot by Chris Summers.
6:10 of 2nd period - Shot Blocked by Andre Petersson.
6:12 of 2nd period - Snap shot by Chris Summers.
6:12 of 2nd period - Stopped by John Curry with a rebound.
6:14 of 2nd period - Snap shot by Mike Ullrich.
6:14 of 2nd period - Shot Misses the Net.
6:22 of 2nd period - Snap shot by Danny Hobbs.
6:22 of 2nd period - Stopped by John Curry with a rebound.
6:24 of 2nd period - Wrist shot by Scott Campbell.
6:24 of 2nd period - Shot Misses the Net.
6:56 of 2nd period - Snap shot by Mike Sgarbossa.
6:56 of 2nd period - Stopped by Harri Sateri with a rebound.
6:58 of 2nd period - Snap shot by Nick Jensen.
6:58 of 2nd period - Deflect By Brodie Reid.
6:58 of 2nd period - Shot Blocked by Jared Gomes.
6:58 of 2nd period - Puck is out of play.
6:59 of 2nd period - Dan Catenacci wins face-off versus Mike Sgarbossa in Aeros zone.
7:10 of 2nd period - Snap shot by Dan Catenacci.
7:10 of 2nd period - Shot Misses the Net.
7:12 of 2nd period - Slapshot by Ilari Melart.
7:12 of 2nd period - Stopped by John Curry with a rebound.
7:14 of 2nd period - Snap shot by Joel Chouinard.
7:14 of 2nd period - Deflect By Colin Stuart.
7:14 of 2nd period - Shot Misses the Net.
7:14 of 2nd period - Puck is out of play.
7:15 of 2nd period - Dan Catenacci wins face-off versus Travis Oleksuk in Crunch zone.
7:28 of 2nd period - Slapshot by Travis Oleksuk.
7:28 of 2nd period - Stopped by Harri Sateri without a rebound.
7:29 of 2nd period - Jared Gomes wins face-off versus Travis Oleksuk in Aeros zone.
7:29 of 2nd period - Jared Gomes is hit by Chad Billins.
7:44 of 2nd period - Icing by Cam Janssen.
7:45 of 2nd period - Phillip Danault wins face-off versus Jared Gomes in Aeros zone.
8:06 of 2nd period - Slapshot by Craig Cunningham.
8:06 of 2nd period - Stopped by John Curry with a rebound.
8:08 of 2nd period - Snap shot by Chris Summers.
8:08 of 2nd period - Shot Misses the Net.
8:10 of 2nd period - Snap shot by Jared Gomes.
8:10 of 2nd period - Shot Misses the Net.
8:22 of 2nd period - Nick Jensen is hit by Warren Peters and loses puck.
8:37 of 2nd period - Snap shot by Andrew Gordon.
8:37 of 2nd period - Deflect By Nick Jensen.
8:37 of 2nd period - Shot Misses the Net.
8:37 of 2nd period - Puck is out of play.
8:38 of 2nd period - Dan Catenacci wins face-off versus Mike Sgarbossa in Crunch zone.
8:41 of 2nd period - Snap shot by Colin Stuart.
8:41 of 2nd period - Shot Misses the Net.
9:54 of 2nd period - Snap shot by Jason Zucker.
9:54 of 2nd period - Shot Blocked by Andre Petersson.
10:08 of 2nd period - Jon Landry is hit by Jordin Tootoo and loses puck.
10:31 of 2nd period - Zach Trotman is hit by Shane O'Brien and loses puck.
10:57 of 2nd period - Slapshot by Chris Summers.
10:57 of 2nd period - Stopped by John Curry with a rebound.
10:59 of 2nd period - Slapshot by Patrick Wey.
10:59 of 2nd period - Stopped by John Curry with a rebound.
11:01 of 2nd period - Backhand shot by Chris Summers.
11:01 of 2nd period - Shot Blocked by Karl Stollery.
11:05 of 2nd period - Snap shot by Danny Hobbs.
11:05 of 2nd period - Shot Misses the Net.
11:07 of 2nd period - Slapshot by Patrick Wey.
11:07 of 2nd period - Stopped by John Curry with a rebound.
11:17 of 2nd period - Chris Summers is hit by Taylor Pyatt and loses puck.
11:53 of 2nd period - Snap shot by Colin Stuart.
11:53 of 2nd period - Shot Misses the Net.
12:07 of 2nd period - Mike Sgarbossa is hit by Joel Chouinard and loses puck.
12:17 of 2nd period - Minor Penalty to Ilari Melart for Roughing.
12:18 of 2nd period - Andrew Gordon wins face-off versus Travis Oleksuk in Aeros zone.
13:19 of 2nd period - Craig Cunningham is hit by Corban Knight.
13:43 of 2nd period - Jason Zucker is hit by Danny Syvret and loses puck.
13:57 of 2nd period - Icing by Phillip Danault.
13:58 of 2nd period - Andrew Gordon wins face-off versus Corban Knight in Crunch zone.
13:59 of 2nd period - Snap shot by Cam Janssen.
13:59 of 2nd period - Stopped by John Curry without a rebound.
14:00 of 2nd period - Andrew Gordon wins face-off versus Corban Knight in Crunch zone.
14:01 of 2nd period - Snap shot by Cam Janssen.
14:01 of 2nd period - Shot Misses the Net.
14:17 of 2nd period - Penalty to Ilari Melart is over, Ilari Melart is back on ice.
14:27 of 2nd period - Snap shot by Matthew Pistilli.
14:27 of 2nd period - Stopped by John Curry with a rebound.
14:43 of 2nd period - Backhand shot by Matt Lindblad.
14:43 of 2nd period - Shot Misses the Net.
14:53 of 2nd period - Mike Sgarbossa is hit by Joel Chouinard and loses puck.
16:51 of 2nd period - Wrist shot by Colin Stuart.
16:51 of 2nd period - Shot Misses the Net.
16:53 of 2nd period - Slapshot by Dan Catenacci.
16:53 of 2nd period - Shot Misses the Net.
17:21 of 2nd period - Wrist shot by Cam Janssen.
17:21 of 2nd period - Stopped by John Curry with a rebound.
17:55 of 2nd period - Snap shot by Phillip Danault.
17:55 of 2nd period - Shot Misses the Net.
17:57 of 2nd period - Wrist shot by Mike Hoeffel.
17:57 of 2nd period - Shot Hit the Post.
17:59 of 2nd period - Slapshot by Nick Jensen.
17:59 of 2nd period - Stopped by Harri Sateri with a rebound.
18:01 of 2nd period - Wrist shot by Mike Hoeffel.
18:01 of 2nd period - Shot Blocked by Chris Summers.
18:30 of 2nd period - Snap shot by Travis Oleksuk.
18:30 of 2nd period - Stopped by Harri Sateri with a rebound.
19:02 of 2nd period - Wrist shot by Corban Knight.
19:02 of 2nd period - Shot Misses the Net.
19:04 of 2nd period - Slapshot by Corban Knight.
19:04 of 2nd period - Stopped by Harri Sateri with a rebound.
19:06 of 2nd period - Snap shot by Corban Knight.
19:06 of 2nd period - Stopped by Harri Sateri without a rebound.
19:07 of 2nd period - Corban Knight wins face-off versus Matthew Pistilli in Aeros zone.
19:12 of 2nd period - Wrist shot by Corban Knight.
19:12 of 2nd period - Shot Blocked by Dan Catenacci.
19:49 of 2nd period - Wrist shot by Taylor Pyatt.
19:49 of 2nd period - Shot Misses the Net.
19:51 of 2nd period - Slapshot by Zach Trotman.
19:51 of 2nd period - Stopped by Harri Sateri without a rebound.
19:52 of 2nd period - Jared Gomes wins face-off versus Mike Sgarbossa in Aeros zone.
19:54 of 2nd period - Minor Penalty to Craig Cunningham for Elbowing.
19:55 of 2nd period - Andrew Gordon wins face-off versus Taylor Pyatt in Aeros zone.
Goals for this period are 1 for Crunch vs 0 for Aeros.
Shots for this period are 12 for Crunch vs 13 for Aeros.

3rd period


0:01 of 3rd period - Corban Knight wins face-off versus Andrew Gordon in neutral zone.
0:04 of 3rd period - Jason Zucker is hit by Danny Syvret and loses puck.
0:32 of 3rd period - Slapshot by Jason Zucker.
0:32 of 3rd period - Shot Misses the Net.
1:07 of 3rd period - Danny Syvret is hit by Andrew Gordon and loses puck.
1:27 of 3rd period - Patrick Wey is hit by Phillip Danault and loses puck.
1:54 of 3rd period - Penalty to Craig Cunningham is over, Craig Cunningham is back on ice.
2:34 of 3rd period - Snap shot by Chris Summers.
2:34 of 3rd period - Deflect By Danny Hobbs.
2:34 of 3rd period - Shot Blocked by Zach Trotman.
2:34 of 3rd period - Puck is out of play.
2:35 of 3rd period - Jared Gomes wins face-off versus Travis Oleksuk in Crunch zone.
2:48 of 3rd period - Craig Cunningham is hit by Matt Lindblad and loses puck.
3:30 of 3rd period - Jordin Tootoo is hit by Jared Gomes and loses puck.
3:47 of 3rd period - Snap shot by Colin Stuart.
3:47 of 3rd period - Shot Blocked by Chad Billins.
4:38 of 3rd period - Icing by Colin Stuart.
4:39 of 3rd period - Travis Oleksuk wins face-off versus Colin Stuart in Aeros zone.
5:45 of 3rd period - Snap shot by Taylor Pyatt.
5:45 of 3rd period - Stopped by Harri Sateri with a rebound.
6:01 of 3rd period - Slapshot by Shane O'Brien.
6:01 of 3rd period - Shot Misses the Net.
6:03 of 3rd period - Wrist shot by Mike Ullrich.
6:03 of 3rd period - Shot Misses the Net.
6:05 of 3rd period - Slapshot by Mike Ullrich.
6:05 of 3rd period - Stopped by John Curry with a rebound.
6:07 of 3rd period - Snap shot by Mike Ullrich.
6:07 of 3rd period - Goal by Mike Ullrich - Crunch : 2 - Aeros : 1.
6:08 of 3rd period - Jared Gomes wins face-off versus Taylor Pyatt in neutral zone.
7:13 of 3rd period - Slapshot by Chris Summers.
7:13 of 3rd period - Goal by Chris Summers - Crunch : 2 - Aeros : 2.
7:14 of 3rd period - Corban Knight wins face-off versus Andrew Gordon in neutral zone.
7:27 of 3rd period - Wrist shot by Andre Petersson.
7:27 of 3rd period - Shot Misses the Net.
8:18 of 3rd period - Mike Sgarbossa is hit by Colin Stuart and loses puck.
8:55 of 3rd period - Mike Ullrich is hit by Phillip Danault and loses puck.
10:15 of 3rd period - Jordin Tootoo is hit by Ilari Melart and loses puck.
10:44 of 3rd period - Snap shot by Andrew Gordon.
10:44 of 3rd period - Shot Hit the Post.
11:10 of 3rd period - Andre Petersson is hit by Matthew Pistilli and loses puck.
11:41 of 3rd period - Slapshot by Chris Summers.
11:41 of 3rd period - Shot Misses the Net.
12:09 of 3rd period - Wrist shot by Cam Janssen.
12:09 of 3rd period - Stopped by John Curry with a rebound.
12:11 of 3rd period - Wrist shot by Jared Gomes.
12:11 of 3rd period - Shot Misses the Net.
12:13 of 3rd period - Wrist shot by Cam Janssen.
12:13 of 3rd period - Shot Misses the Net.
12:15 of 3rd period - Snap shot by Shane O'Brien.
12:15 of 3rd period - Shot Blocked by Chad Billins.
12:17 of 3rd period - Wrist shot by Cam Janssen.
12:17 of 3rd period - Shot Misses the Net.
12:37 of 3rd period - Wrist shot by Jason Zucker.
12:37 of 3rd period - Deflect By Andrew Gordon.
12:37 of 3rd period - Shot Blocked by Nick Jensen.
12:37 of 3rd period - Puck is out of play.
12:38 of 3rd period - Warren Peters wins face-off versus Phillip Danault in Crunch zone.
13:28 of 3rd period - Colin Stuart is hit by Markus Lauridsen and loses puck.
13:33 of 3rd period - Wrist shot by Mike Hoeffel.
13:33 of 3rd period - Stopped by Harri Sateri without a rebound.
13:34 of 3rd period - Phillip Danault wins face-off versus Cam Janssen in Aeros zone.
13:51 of 3rd period - Shane O'Brien is hit by Travis Oleksuk.
14:39 of 3rd period - Slapshot by Markus Lauridsen.
14:39 of 3rd period - Stopped by Harri Sateri with a rebound.
15:04 of 3rd period - Snap shot by Andre Petersson.
15:04 of 3rd period - Shot Misses the Net.
15:11 of 3rd period - Snap shot by Travis Oleksuk.
15:11 of 3rd period - Stopped by Harri Sateri with a rebound.
15:13 of 3rd period - Wrist shot by Danny Syvret.
15:13 of 3rd period - Shot Blocked by Chris Summers.
15:58 of 3rd period - Minor Penalty to Mike Sgarbossa for Holding.
15:59 of 3rd period - Danny Hobbs wins face-off versus Travis Oleksuk in Crunch zone.
16:25 of 3rd period - Wrist shot by Craig Cunningham.
16:25 of 3rd period - Shot Blocked by Matt Lindblad.
16:27 of 3rd period - Snap shot by Cam Janssen.
16:27 of 3rd period - Stopped by John Curry with a rebound.
16:29 of 3rd period - Slapshot by Cam Janssen.
16:29 of 3rd period - Stopped by John Curry with a rebound.
16:31 of 3rd period - Slapshot by Craig Cunningham.
16:31 of 3rd period - Goal by Craig Cunningham - Crunch : 2 - Aeros : 3.
16:32 of 3rd period - Corban Knight wins face-off versus Warren Peters in neutral zone.
17:38 of 3rd period - Slapshot by Brodie Reid.
17:38 of 3rd period - Shot Misses the Net.
17:56 of 3rd period - Markus Lauridsen is hit by Chris Summers and loses puck.
18:05 of 3rd period - Slapshot by Nick Jensen.
18:05 of 3rd period - Stopped by Harri Sateri with a rebound.
18:19 of 3rd period - Wrist shot by Travis Oleksuk.
18:19 of 3rd period - Stopped by Harri Sateri without a rebound.
18:20 of 3rd period - Corban Knight wins face-off versus Dan Catenacci in Aeros zone.
18:41 of 3rd period - Slapshot by Colin Stuart.
18:41 of 3rd period - Shot Blocked by Mike Sgarbossa.
18:43 of 3rd period - Wrist shot by Matthew Pistilli.
18:43 of 3rd period - Shot Blocked by Karl Stollery.
18:45 of 3rd period - Wrist shot by Colin Stuart.
18:45 of 3rd period - Shot Misses the Net.
18:47 of 3rd period - Slapshot by Matthew Pistilli.
18:47 of 3rd period - Stopped by John Curry with a rebound.
18:49 of 3rd period - Snap shot by Dan Catenacci.
18:49 of 3rd period - Shot Misses the Net.
18:51 of 3rd period - Snap shot by Dan Catenacci.
18:51 of 3rd period - Shot Misses the Net.
18:53 of 3rd period - Slapshot by Jon Landry.
18:53 of 3rd period - Shot Misses the Net.
18:55 of 3rd period - Slapshot by Colin Stuart.
18:55 of 3rd period - Shot Misses the Net.
18:57 of 3rd period - Slapshot by Shane O'Brien.
18:57 of 3rd period - Shot Misses the Net.
Goals for this period are 0 for Crunch vs 3 for Aeros.
Shots for this period are 6 for Crunch vs 8 for Aeros.


Output by the SimonT Hockey Simulator (STHS) for Eric Dolegowski -- Original Page W3C XHTML 1.0 Valid
Hockey Simulator - Hockey Simulation - Hockey Manager